Map: Cerulean Fall LE

Players

Probe

  • Race: Protoss Protoss
  • Spawn Location: 1:00

Zanster - Winner!

  • Race: Zerg Zerg
  • Spawn Location: 7:00

Event: WCS Montreal 2018

VOD

Have the link to the VOD?

Description

Time

  • Played on: Sept. 7, 2018, 7:06 p.m.
  • Length: 14:25

All games in this series

Show
View Real Time Build Order
Export as new Build Order

Probe Protoss 

Build Orders: 1 Gate Expand, Archon Immortal, Zealot Archon, Archon Drop, Dark Templar Rush 

Get SALT Encoding   

  12  0:00  Probe  
  13  0:12  Probe  
  14  0:20  Pylon  
  14  0:24  Probe  
  15  0:34  Probe  
  15  0:40  Gateway  
  15  0:42  Probe  
  16  0:47  Assimilator  
  17  0:52  Probe  
  18  1:05  Probe  
  19  1:17  Probe  
  20  1:26  Nexus  
  20  1:35  Cybernetics Core  
  20  1:38  Probe  
  21  1:42  Assimilator  
  21  1:50  Probe  
  21  1:52  Pylon  
  22  2:01  Stalker, Probe  
  23  2:09  Probe  
  26  2:18  Probe  
  27  2:28  Twilight Council, Probe  
  27  2:31  Adept  
  27  2:32  Warp Gate  
  27  2:36  Probe  
  30  2:40  Probe  
  32  2:44  Probe  
  33  2:53  Probe  
  33  2:54  Probe  
  35  3:05  Robotics Facility, Probe  
  36  3:06  Probe  
  37  3:17  Probe  
  37  3:18  Probe  
  39  3:21  Dark Shrine  
  39  3:29  Probe  
  39  3:30  Probe  
  40  3:40  Gateway x2  
  41  3:41  Probe  
  41  3:42  Warp Prism, Gateway  
  41  3:46  Pylon  
  41  3:48  Probe  
  42  3:55  Probe  
  45  4:00  Probe  
  46  4:04  Assimilator  
  46  4:06  Assimilator  
  46  4:07  Probe  
  46  4:08  Warp Prism  
  47  4:13  Probe  
  47  4:15  Pylon  
  48  4:20  Probe  
  51  4:25  Probe  
  51  4:30  Pylon  
  52  4:36  Pylon  
  54  4:45  Dark Templar x4  
  60  4:50  Probe  
  61  4:54  Probe  
  62  5:00  Archon  
  62  5:02  Archon  
  62  5:06  Probe  
  63  5:11  Nexus  
  63  5:12  Pylon  
  63  5:14  Observer  
  64  5:15  Probe  
  64  5:18  Probe  
  66  5:27  Pylon, Probe  
  67  5:30  Probe  
  72  5:37  Dark Templar x4  
  72  5:39  Probe  
  72  5:42  Archon x2, Probe  
  78  5:49  Forge  
  78  5:50  Pylon  
  78  5:51  Immortal  
  82  5:59  Probe x2  
  52  6:04  Charge  
  84  6:11  Probe  
  84  6:13  Gateway  
  84  6:15  Gateway x2  
  84  6:18  Dark Templar  
  87  6:22  Immortal  
  84  6:27  Sentry  
  90  6:38  Sentry, Zealot  
  94  6:41  Protoss Ground Weapons Level 1  
  94  6:48  Probe  
  94  6:49  Probe  
  94  6:51  Sentry  
  98  6:54  Gateway  
  98  6:59  Immortal, Probe  
  101  7:12  Pylon x2  
  101  7:13  Pylon  
  101  7:14  Shield Battery  
  101  7:15  Pylon, Shield Battery, Sentry  
  100  7:16  Shield Battery, Sentry  
  104  7:30  Immortal  
  104  7:44  Nexus  
  108  7:55  Sentry, Zealot x6  
  122  8:13  Pylon  
  122  8:15  Pylon  
  122  8:20  Pylon x2  
  122  8:21  Pylon  
  122  8:24  Pylon  
  121  8:47  Zealot  
  121  8:48  Zealot x5  
  133  8:51  Immortal  
  133  9:09  Zealot x4  
  131  9:10  Zealot x2  
  129  9:24  Observer  
  109  9:30  Zealot x2  
  109  9:31  Zealot x4  
  106  9:38  Immortal  
  92  9:45  Pylon  
  95  9:54  Sentry x3  
  95  9:55  Robotics Facility, Dark Templar x2  
  105  10:00  Sentry  
  105  10:03  Protoss Ground Weapons Level 2  
  107  10:07  Pylon  
  107  10:09  Pylon  
  107  10:24  Zealot x5  
  115  10:36  Immortal  
  115  10:40  Zealot x2  
  115  10:41  Zealot  
  125  10:54  Zealot x5  
  115  11:06  Zealot x3  
  114  11:13  Probe x3  
  114  11:16  Observer  
  118  11:19  Sentry x3  
  124  11:37  Dark Templar x3  
  124  11:38  Dark Templar  
  132  11:40  Observer  
  132  11:42  Archon x2  
  132  11:46  Photon Cannon  
  133  11:51  Zealot  
  135  12:02  Observer  
  133  12:09  Sentry x2  
  133  12:10  Zealot x3  
  133  12:15  Zealot x2  
  145  12:17  Stalker  
  143  12:32  Dark Templar x2  
  143  12:35  Dark Templar  
  134  12:55  Dark Templar x4  
  137  12:59  Probe x3  
  120  13:07  Observer  
  120  13:11  Dark Templar  
  109  13:47  Zealot x4  
  109  13:48  Zealot  
  53  14:06  Zealot x3  
  44  14:16  Dark Templar  
Show
View Real Time Build Order
Export as new Build Order

Zanster Zerg - Winner!

Build Orders: Hatch First, Lurkers, Roach Hydra 

Get SALT Encoding   

  12  0:00  Drone  
  13  0:12  Overlord  
  13  0:17  Drone  
  14  0:30  Drone x2  
  16  0:48  Hatchery  
  15  0:51  Drone  
  15  0:55  Drone  
  17  0:58  Drone  
  18  1:08  Extractor  
  17  1:13  Spawning Pool  
  17  1:16  Drone  
  17  1:20  Drone  
  18  1:27  Drone  
  19  1:38  Drone  
  20  1:50  Overlord  
  20  2:00  Queen x2  
  20  2:01  Zergling x4  
  26  2:08  Metabolic Boost  
  26  2:10  Drone  
  26  2:12  Drone  
  28  2:21  Drone  
  28  2:22  Drone  
  30  2:31  Drone  
  31  2:38  Hatchery  
  31  2:39  Drone  
  31  2:46  Queen  
  31  2:49  Drone  
  34  2:53  Overlord  
  34  2:55  Drone  
  34  2:58  Drone  
  36  3:11  Drone x2  
  36  3:12  Drone x2  
  40  3:13  Drone x3  
  40  3:16  Overlord  
  40  3:18  Drone  
  44  3:22  Overlord  
  44  3:29  Overlord  
  44  3:32  Spore Crawler  
  43  3:35  Drone  
  43  3:40  Roach Warren  
  43  3:43  Drone  
  43  3:44  Drone x3  
  43  3:47  Drone x2  
  49  3:49  Drone  
  49  3:52  Extractor, Overlord  
  49  3:56  Drone  
  49  3:58  Extractor, Drone  
  49  4:00  Drone  
  51  4:05  Drone x3  
  51  4:09  Lair  
  54  4:16  Spore Crawler  
  55  4:24  Roach x4  
  55  4:25  Roach  
  55  4:27  Roach  
  55  4:29  Overlord  
  64  4:32  Roach  
  64  4:34  Overlord  
  66  4:39  Roach  
  66  4:40  Roach  
  66  4:42  Overlord  
  66  4:44  Roach  
  72  4:48  Roach x2  
  76  4:54  Drone x4  
  76  4:58  Drone x2  
  82  5:06  Glial Reconstitution  
  82  5:07  Overseer  
  82  5:09  Drone x5  
  82  5:10  Drone  
  82  5:12  Drone  
  89  5:15  Overlord  
  89  5:17  Extractor  
  89  5:18  Overlord  
  87  5:22  Zergling x6  
  87  5:23  Zergling x2  
  87  5:28  Zergling x2  
  92  5:30  Overlord  
  90  5:36  Drone x2  
  90  5:40  Overseer  
  92  5:43  Roach  
  92  5:44  Roach x2  
  92  5:46  Overlord  
  98  5:54  Roach x9  
  98  5:55  Roach  
  118  5:57  Overlord  
  118  6:02  Overlord  
  118  6:09  Roach  
  118  6:10  Roach  
  118  6:11  Overlord  
  120  6:18  Roach x4  
  128  6:22  Overlord  
  126  6:27  Roach x7  
  126  6:31  Overlord  
  138  6:35  Evolution Chamber  
  138  6:39  Roach  
  141  6:40  Roach  
  141  6:42  Burrow  
  141  6:44  Overlord  
  141  6:47  Drone  
  141  6:50  Extractor  
  141  6:53  Extractor  
  138  6:59  Drone x3  
  138  7:00  Overlord  
  141  7:03  Drone x9  
  141  7:06  Overseer  
  149  7:11  Zerg Missile Weapons Level 1, Overlord  
  149  7:12  Hydralisk Den  
  148  7:16  Roach x2  
  150  7:24  Overlord  
  150  7:30  Overlord  
  150  7:33  Hatchery  
  150  7:35  Drone  
  150  7:38  Overlord x2  
  150  7:42  Hydralisk  
  150  7:43  Hydralisk x6  
  163  7:45  Grooved Spines  
  163  7:53  Overseer  
  163  7:57  Hydralisk x2  
  167  7:58  Overlord  
  167  8:01  Roach  
  167  8:02  Roach x2  
  173  8:07  Roach x3  
  179  8:13  Roach x3  
  179  8:14  Zergling x2  
  179  8:15  Zergling x8  
  179  8:18  Ravager  
  191  8:21  Zergling x2, Roach x2  
  191  8:26  Ravager  
  197  8:29  Zergling x2  
  197  8:30  Zergling x4  
  200  8:44  Hatchery  
  199  8:51  Hatchery  
  196  8:56  Muscular Augments  
  186  9:03  Roach x4  
  186  9:05  Tunneling Claws  
  186  9:09  Lurker Den  
  142  9:17  Hydralisk x7  
  142  9:18  Hydralisk, Roach  
  142  9:21  Roach  
  142  9:22  Zergling x2, Roach  
  155  9:26  Roach x3  
  128  9:35  Roach x6  
  124  9:39  Roach x2  
  124  9:40  Roach  
  124  9:44  Drone  
  124  9:45  Drone  
  130  9:51  Roach x3  
  136  9:55  Extractor, Zerg Missile Weapons Level 2  
  136  9:58  Extractor  
  134  10:05  Roach  
  134  10:06  Roach x3  
  142  10:10  Queen  
  142  10:12  Drone  
  142  10:13  Drone x4  
  149  10:16  Hydralisk x2  
  149  10:17  Hydralisk x3  
  149  10:18  Drone  
  160  10:28  Roach x5  
  170  10:33  Roach x9  
  170  10:34  Roach x3  
  170  10:35  Roach x3  
  169  10:40  Roach x3  
  171  10:44  Lurker x2  
  171  10:48  Overseer  
  168  10:58  Hydralisk, Roach x6  
  168  11:02  Roach x3  
  173  11:08  Drone  
  173  11:09  Drone x5  
  173  11:13  Extractor  
  173  11:14  Extractor  
  173  11:17  Lurker x3  
  173  11:18  Lurker  
  171  11:24  Overseer  
  170  11:26  Drone x4  
  170  11:30  Roach x4  
  170  11:31  Roach  
  178  11:38  Roach x5  
  184  11:47  Roach x12  
  184  11:55  Roach x5  
  184  11:56  Hatchery, Roach  
  184  12:00  Roach x5  
  192  12:03  Drone x3  
  192  12:04  Drone x3  
  196  12:08  Hydralisk  
  198  12:24  Queen  
  196  12:31  Hatchery  
  196  12:36  Hydralisk x3  
  190  13:06  Hydralisk  
  190  13:07  Hydralisk x7  
  198  13:18  Hatchery  
  198  13:19  Lurker x3  
  200  13:21  Hatchery  
  199  13:27  Drone  
  199  13:34  Pneumatized Carapace  
  191  13:46  Roach x7  
  191  13:48  Extractor  
  189  13:52  Extractor  
  189  13:53  Hydralisk  
  189  13:54  Roach x9  
  184  14:00  Roach  
  168  14:04  Roach  
Tags
 
Add a new tag
Caveats
  • Supply blocks, unpowered buildings, or Contaminate may cause inaccurate times.
  • Supply counts are checked every 10 seconds.